 Dungeon Crawl Stone Soup version 0.25-a0-949-gdd2af9e (webtiles) character file.

Game seed: 3231189747373037551, levelgen mode: deterministic

324 Illumine the Vexing (level 6, -1/34 HPs)
             Began as a Deep Elf Enchanter on May 6, 2020.
             Was an Initiate of Sif Muna.
             Slain by Purgy (2 damage)
             ... on level 3 of the Dungeon on May 7, 2020.
             The game lasted 00:16:19 (5689 turns).

Illumine the Vexing (Deep Elf Enchanter)            Turns: 5689, Time: 00:16:19

Health: -1/34      AC:  2    Str:  6    XL:     6   Next: 23%
Magic:  2/15       EV: 14    Int: 21    God:    Sif Muna [......]
Gold:   235        SH:  0    Dex: 15    Spells: 3/15 levels left

rFire    . . .     SeeInvis .   a - +1 dagger
rCold    . . .     Gourm    .   (no shield)
rNeg     . . .     Faith    .   b - +0 robe
rPois    .         Spirit   .   (no helmet)
rElec    .         Reflect  .   r - scarf {repulsion}
rCorr    .         Harm     .   (no gloves)
MR       +....                  (no boots)
Stlth    +++.......             (no amulet)
HPRegen  0.11/turn              k - ring of protection from magic
MPRegen  0.14/turn              (no ring)

@: confusing touch, repel missiles
A: no striking features
a: Renounce Religion


You were on level 3 of the Dungeon.
You worshipped Sif Muna.
Sif Muna was noncommittal.
You were not hungry.

You visited 1 branch of the dungeon, and saw 5 of its levels.

You collected 235 gold pieces.

Inventory:

Hand Weapons
 a - a +1 dagger (weapon)
Missiles
 l - 17 poisoned darts (quivered)
Armour
 b - a +0 robe (worn)
 m - a +0 buckler
 r - a scarf of repulsion (worn)
Jewellery
 h - an uncursed amulet of faith
 k - a ring of protection from magic (left hand)
Scrolls
 g - 4 scrolls of teleportation {unknown}
 i - 3 scrolls of remove curse {unknown}
 j - a scroll of enchant weapon {unknown}
 n - a scroll of blinking {unknown}
 p - a scroll of fear {unknown}
 q - a scroll of immolation
 s - a scroll of identify
Potions
 c - a potion of cancellation
 o - 2 potions of lignification
Comestibles
 d - 8 rations
 f - a chunk of flesh


   Skills:
 + Level 1.3 Fighting
 - Level 2.1 Short Blades
 + Level 3.5 Dodging
 - Level 4.0 Stealth
 + Level 5.0 Spellcasting
 + Level 2.4 Conjurations
 + Level 5.6 Hexes


You had 3 spell levels left.
You knew the following spells:

 Your Spells              Type           Power        Failure   Level  Hunger
a - Corona                Hex            ####...      1%          1    None
b - Ensorcelled Hibernat  Hex/Ice        ###...       4%          2    None
c - Confusing Touch       Hex            ####....     3%          3    ##.....
d - Dazzling Flash        Conj/Hex       ###...       6%          3    ##.....
e - Tukima's Dance        Hex            ####....     3%          3    ##.....

Your spell library contained the following spells:

 Spells                   Type           Power        Failure   Level  Hunger


Dungeon Overview and Level Annotations

Branches:
Dungeon (5/15)
 Temple: D:4-7

Altars:
Sif Muna

Annotations:
D:3 Purgy
D:4 Pikel


Message History

Press: ? - help, Shift-Dir - straight line, f/p - Purgy
Aim: Purgy (chance to defeat MR: 56%) Purgy looks drowsy...
The helpless Purgy fails to defend himself.
You impale Purgy!!
Purgy is heavily wounded.
Purgy misses you. Purgy claws you.
* * * LOW HITPOINT WARNING * * *
Purgy closely misses you.
Casting: Ensorcelled Hibernation (safe; 4% risk of failure)
Confirm with . or Enter, or press ? or * to list all spells.
Purgy bites you.
* * * LOW HITPOINT WARNING * * *
Purgy claws you.
* * * LOW HITPOINT WARNING * * *
Purgy claws you but does no damage.
Casting: Dazzling Flash (dangerous; 6% risk of failure)
Confirm with . or Enter, or press ? or * to list all spells.
Your hands begin to glow red.
Purgy bites you.
You die...

###########
#.........#
#.........# #####
#.@.......# ###....
#..T......###..[)..
#..........>.[.####
#........)###.##
#.........#...#
#.........#.###
#....)..(.#.# ##
######.###..# #.
#.###.## #.


You could see Purgy.

Vanquished Creatures
  A dancing weapon (D:4)
  An orc wizard (D:3)
  2 orc priests (D:4)
  Jessica (D:3)
  Robin (D:2)
  A gnoll (D:1)
  3 adders
  An ooze (D:5)
  An adder skeleton (D:4)
  2 worms
  A dart slug (D:2)
  3 leopard geckos
  7 orcs
  4 bats
  5 giant cockroaches
  15 goblins
  8 hobgoblins
  A jackal (D:3)
  A quokka (D:2)
  5 frilled lizards
  16 kobolds
  A leopard gecko skeleton (D:4)
  16 rats
97 creatures vanquished.

Vanquished Creatures (collateral kills)
  An ogre (D:4)
  4 orcs
5 creatures vanquished.

Grand Total: 102 creatures vanquished

Notes
Turn   | Place    | Note
-------+----------+-------------------------------------------
     0 | D:1      | Illumine the Deep Elf Enchanter began the quest for the
                  | Orb.
     0 | D:1      | Reached XP level 1. HP: 10/10 MP: 6/6
   113 | D:1      | Upgraded the game from 0.25-a0-942-g87a5396 to
                  | 0.25-a0-949-gdd2af9e
   560 | D:1      | Reached XP level 2. HP: 4/15 MP: 6/8
   585 | D:1      | Learned a level 2 spell: Ensorcelled Hibernation
  1415 | D:1      | Reached XP level 3. HP: 17/19 MP: 5/10
  1484 | D:1      | Learned a level 3 spell: Confusing Touch
  1488 | D:1      | Learned a level 3 spell: Dazzling Flash
  1977 | D:2      | Identified the cursed +0 helmet of the Turtledove {Str+6
                  | Stlth-}
  1977 | D:2      | Noticed Robin
  2336 | D:2      | Reached XP level 4. HP: 21/24 MP: 12/12
  2447 | D:2      | Reached skill level 1 in Conjurations
  3576 | D:2      | Killed Robin
  3576 | D:2      | Reached skill level 5 in Hexes
  4021 | D:3      | Noticed Jessica
  4030 | D:3      | Killed Jessica
  4030 | D:3      | Reached XP level 5. HP: 26/28 MP: 8/13
  4131 | D:3      | Noticed Purgy
  4222 | D:4      | Noticed an ogre
  4254 | D:4      | Learned a level 3 spell: Tukima's Dance
  4280 | D:4      | Killed an ogre
  4387 | D:5      | Entered Level 5 of the Dungeon
  4649 | D:4      | Reached skill level 1 in Fighting
  4697 | D:4      | Found a shimmering blue altar of Sif Muna.
  4710 | D:4      | Became a worshipper of Sif Muna the Loreminder
  5248 | D:3      | Reached XP level 6. HP: 12/34 MP: 9/15
  5490 | D:4      | Reached skill level 5 in Spellcasting
  5620 | D:4      | Noticed a slave
  5623 | D:4      | Noticed Pikel
  5623 | D:4      | Noticed a slave
  5623 | D:4      | Noticed a slave
  5623 | D:4      | Noticed a slave
  5688 | D:3      | HP: 1/34 [Purgy (1)]
  5689 | D:3      | Slain by Purgy

Levels and vault maps discovered:
D:1:      mushboom_english_gardens, layout_rooms, columned_hall_lemuel
D:2:      layout_basic, minmay_rat_gold_closets, uniq_robin
D:3:      layout_rooms, uniq_jessica, uniq_purgy
D:4:      layout_basic, old_standard_altar, serial_shops, kennysheep_little_box,
          elyvilon_altar_4, uniq_pikel
D:5:      layout_rooms, first_ration, fedhas_altar_fruit_tree

Skill      XL: |  1  2  3  4  5  6 |
---------------+-------------------+-----
Stealth        | 4 |  4.0
Short Blades   | 2 |  2.1
Spellcasting   | 4 5 |  5.0
Conjurations   | 1 2 |  2.4
Hexes          | 5 |  5.6
Dodging        | 3 |  3.5
Fighting       | 1 |  1.3

Action                   |  1- 3 |  4- 6 || total
-------------------------+-------+-------++-------
Melee: Dagger            |   122 |   118 ||   240
Throw: Dart              |     9 |     1 ||    10
 Cast: Corona            |    12 |       ||    12
       Ensorcelled Hiber |    23 |    62 ||    85
       Confusing Touch   |       |     5 ||     5
       Tukima's Dance    |       |     6 ||     6
       Dazzling Flash    |       |     3 ||     3
  Use: Scroll            |       |     4 ||     4
       Potion            |       |     1 ||     1
 Stab: Sleeping          |    25 |    43 ||    68
  Eat: Chunk             |     5 |     8 ||    13
       Ration            |       |     1 ||     1
Armor: Robe              |    18 |    16 ||    34
Dodge: Dodged            |    87 |    89 ||   176
       Repelled          |       |     2 ||     2

Table legend:
 A = Non-vault XP
 B = Vault XP
 C = Vault XP percentage of total XP
 D = Non-vault monster count
 E = Vault monster count
 F = Vault count percentage of total count
                 A         B        C        D         E       F
            +---------+---------+-------+---------+---------+-------
      Total |     384 |      80 |  17.2 |      82 |      19 |  18.8
            +---------+---------+-------+---------+---------+-------
        D:1 |      56 |       0 |   0.0 |      24 |       0 |   0.0
        D:2 |      66 |      43 |  39.4 |      25 |      18 |  41.9
        D:3 |      95 |      37 |  28.0 |      20 |       1 |   4.8
        D:4 |     150 |       0 |   0.0 |       8 |       0 |   0.0
        D:5 |      17 |       0 |   0.0 |       5 |       0 |   0.0
            +---------+---------+-------+---------+---------+-------
